 Dungeon Crawl Stone Soup version 0.32-a0-871-ge202e49faa (webtiles) character file.

Game seed: 7157379616190203497

142 Goblin1989 the Sneak (level 5, -2/38 HPs)
             Began as a Demonspawn Brigand on Mar 30, 2024.
             Slain by a bombardier beetle (4 damage)
             ... on level 3 of the Dungeon.
             The game lasted 00:04:23 (1645 turns).

Goblin1989 the Sneak (Demonspawn Brigand)           Turns: 1645, Time: 00:04:23

Health: -2/38      AC:  4    Str: 11    XL:     5   Next: 4%
Magic:  5/5        EV: 10    Int: 13    God:
Gold:   98         SH:  0    Dex: 17    Spells: 4/4 levels left

rFire   + . .        a - +2 dagger
rCold   . . .        (no shield)
rNeg    . . .        b - +0 robe
rPois   .            (no helmet)
rElec   .            i - +1 cloak
rCorr   .            (no gloves)
SInv    .            (no boots)
Will    +....        (no amulet)
Stlth   +            h - ring of willpower
HPRegen 1.26/turn    o - ring of protection from fire
MPRegen 0.09/turn

%: no passive effects
@: on fire, glowing
A: powered by death 1, big brain 1, weakness stinger 1
a: no special abilities


You were on level 3 of the Dungeon.
You visited 1 branch of the dungeon, and saw 3 of its levels.

You collected 98 gold pieces.

Inventory:

Hand Weapons
 a - a +2 dagger (weapon)
Missiles
 d - 12 poisoned darts (quivered)
 e - 3 curare-tipped darts
 f - 17 stones
Armour
 b - a +0 robe (worn)
 i - a +1 cloak (worn)
Jewellery
 h - a ring of willpower (left hand)
 o - a ring of protection from fire (right hand)
Wands
 m - a wand of roots (3)
Scrolls
 j - a scroll of acquirement {unknown}
 k - a scroll of enchant weapon {unknown}
 l - 2 scrolls of teleportation {unknown}
 n - 2 scrolls of blinking {unknown}
 p - a scroll of summoning {unknown}
Potions
 g - 2 potions of invisibility {unknown}
 q - a potion of mutation {unknown}


   Skills:
 - Level 2.0 Fighting
 + Level 3.5 Short Blades
 - Level 1.7 Throwing
 - Level 0.8 Dodging
 + Level 5.0 Stealth


You had 4 spell levels left.
You didn't know any spells.
Your spell library contained the following spells:

 Spells                   Type           Power      Damage    Failure   Level
 Dazzling Flash           Conj/Hex       0%         N/A       67%         3
 Mephitic Cloud           Conj/Alch/Air  0%         N/A       67%         3
 Curse of Agony           Necr           0%         N/A       100%        5
 Silence                  Hex/Air        0%         N/A       100%        5


Dungeon Overview and Level Annotations

Branches:
Dungeon (3/15) Zot: 16384

Altars:

Shops:
D:3 [


Innate Abilities, Weirdness & Mutations

You regenerate a little health from kills.
You have an unusually large brain. (Int +2)
You have a small tail.


Message History

The bombardier beetle bites you.
You take 3 damage, and have 33/38 hp.
You barely miss the bombardier beetle.
The bombardier beetle is lightly wounded.
The liquid fire burns you!
The orc hits you from afar with a +0 trident.
You take 5 damage, and have 28/38 hp.
You closely miss the bombardier beetle. You tail-slap the bombardier beetle.
The bombardier beetle is moderately wounded.
The liquid fire burns you!
The bombardier beetle barely misses you.
A hobgoblin breaks down the door.
The orc hits you from afar with a +0 trident.
You hit the bombardier beetle.
The bombardier beetle is heavily wounded.
The liquid fire burns you!
A ribbon worm comes into view.
You take 6 damage, and have 22/38 hp.
You are too injured to fight recklessly!
You are too injured to fight recklessly!
You are too injured to fight recklessly!
You are too injured to fight recklessly!
You are too injured to fight recklessly!
You are too injured to fight recklessly!
You shake off some of the fire as you move.
The liquid fire burns you!
The bombardier beetle sprays incendiary fluid at you.
The burning spray hits you.
You are even more covered in liquid fire!
You take 1 damage, and have 21/38 hp.
You shake off some of the fire as you move.
The liquid fire burns you!
You take 1 damage, and have 20/38 hp.
You shake off some of the fire as you move.
The liquid fire burns you!
You take 2 damage, and have 18/38 hp.
You shake off some of the fire as you move.
The liquid fire burns you!
* * * LOW HITPOINT WARNING * * *
The orc attacks as it pursues you!
The orc hits you from afar with a +0 trident.
* * * LOW HITPOINT WARNING * * *
Things that are here:
a quokka corpse; a ribbon worm corpse; a bat corpse You take 5 damage, and have 13/38 hp.
You shake off the liquid fire.
The orc attacks as it pursues you! The orc barely misses you.
You are too injured to fight recklessly!
You are too injured to fight recklessly!
You are too injured to fight recklessly!
You are too injured to fight recklessly!
You are too injured to fight recklessly!
You are too injured to fight recklessly!
You are too injured to fight recklessly!
You are too injured to fight recklessly!
The orc hits you but does no damage.
You hit the orc.
The orc is lightly wounded.
The orc barely misses you.
The orc hits you from afar with a +0 trident.
* * * LOW HITPOINT WARNING * * *
You take 6 damage, and have 8/38 hp.
You hit the orc.
You kill the orc!
The orc closely misses you.
You hit the hobgoblin.
The hobgoblin is severely wounded.
The hobgoblin closely misses you.
The orc hits you from afar with a +0 trident.
* * * LOW HITPOINT WARNING * * *
You closely miss the hobgoblin. You tail-slap the hobgoblin.
You kill the hobgoblin!
You regained 2 hp, and now have 11/38 hp.
You hit the bombardier beetle. You tail-slap the bombardier beetle.
The bombardier beetle is severely wounded.
The orc closely misses you.
You regained 2 hp, and now have 13/38 hp.
You hit the bombardier beetle.
Your tail-slap misses the bombardier beetle.
The bombardier beetle is severely wounded.
The orc hits you from afar with a +0 trident.
* * * LOW HITPOINT WARNING * * *
The bombardier beetle sprays incendiary fluid at you.
The burning spray hits you.
You are covered in liquid fire!
You take 3 damage, and have 10/38 hp.
You hit the bombardier beetle but do no damage.
The bombardier beetle is severely wounded.
The liquid fire burns you!
* * * LOW HITPOINT WARNING * * *
The orc hits you but does no damage.
You take 1 damage, and have 9/38 hp.
You hit the bombardier beetle.
The bombardier beetle is almost dead.
The liquid fire burns you!
* * * LOW HITPOINT WARNING * * *
The orc hits you from afar with a +0 trident!
* * * LOW HITPOINT WARNING * * *
The bombardier beetle bites you.
You die...

██ ..██.█.█ . ......█
█ █. .█...█ ..█..
█..█.█ ..w..█
█.█$.█████████
....∆██....██......█
█...█.o███....█.█.█
█.....wB@.........█
█:..█..█████.███████
█$..†....███........
█...█...███...██████
...▲██....███...█ ...
█....██∩...█ ...
█...████...█ ...
.█..████...█
....██......█████████


You could see a ribbon worm, a bombardier beetle and an orc.

Vanquished Creatures
  A hound (D:3)
  5 adders (D:2)
  2 dart slugs (D:2)
  2 ribbon worms
  An orc (D:3)
  7 ball pythons
  4 endoplasms
  4 giant cockroaches
  5 goblins
  6 hobgoblins
  4 jackals
  5 quokkas
  4 bats
  9 rats
59 creatures vanquished.

Notes
Turn   | Place    | Note
-------+----------+-------------------------------------------
     0 | D:1      | Goblin1989 the Demonspawn Brigand began the quest for the
                  | Orb.
     0 | D:1      | Reached XP level 1. HP: 16/16 MP: 1/1
   231 | D:1      | Gained mutation: You regenerate a little health from kills.
                  | [demonic ancestry]
   231 | D:1      | Reached XP level 2. HP: 19/22 MP: 2/2
   371 | D:1      | Reached skill level 4 in Stealth
   737 | D:2      | Gained mutation: You have an unusually large brain. (Int
                  | +2) [demonic ancestry]
   737 | D:2      | Reached XP level 3. HP: 27/27 MP: 3/3
  1194 | D:2      | Gained mutation: You have a small tail. [demonic ancestry]
  1194 | D:2      | Reached XP level 4. HP: 33/33 MP: 4/4
  1403 | D:2      | HP: 1/33 [frozen (2)]
  1561 | D:3      | Reached skill level 5 in Stealth
  1568 | D:3      | Found Boafo's Armour Shoppe.
  1618 | D:3      | Reached XP level 5. HP: 35/38 MP: 5/5
  1645 | D:3      | Slain by a bombardier beetle

Illustrated notes

Levels and vault maps discovered:
D:1:      dpeg_arrival_leaves_temple_mockup, layout_loops_ring
D:2:      minmay_chambers_of_ones, layout_rooms
D:3:      layout_basic, nicolae_sif_muna_condensation, serial_shops, shop,
          nicolae_shop_just_a_little_nook, gammafunk_ghost_cemetery,
          minmay_fractal_squares_diagonal_5

Skill      XL: |  1  2  3  4 |
---------------+-------------+-----
Short Blades   | 2 3 |  3.5
Stealth        | 4 5 |  5.0
Fighting       | |  2.0
Throwing       | |  1.7
Dodging        | |  0.8

Action                     |  1- 3 |  4- 6 || total
---------------------------+-------+-------++-------
  Melee: Dagger            |   133 |    74 ||   207
         Tailslap          |       |    12 ||    12
  Throw: Dart              |     1 |       ||     1
   Stab: Sleeping          |    10 |     5 ||    15
 Armour: Robe              |    71 |    43 ||   114
  Dodge: Dodged            |    63 |    36 ||    99

Table legend: (Time is in decaauts)
 A = Elapsed time spent in this place.
 B = Non-inter-level travel time spent in this place.
 C = Inter-level travel time spent in this place.
 D = Time resting spent in this place.
 E = Time spent auto-exploring this place.
 F = Levels seen in this place.
 G = Mean time per level.
                   A        B        C        D        E       F      G
               +--------+--------+--------+--------+--------+-----+--------+
         Total |   1614 |   1561 |     53 |     97 |   1040 |   3 |  538.0 |
       Dungeon |   1614 |   1561 |     53 |     97 |   1040 |   3 |  538.0 |
               +--------+--------+--------+--------+--------+-----+--------+

Top non-repeatable levels by time:
     D:2: 806 daAuts
     D:1: 726 daAuts
     D:3: 81 daAuts
